TOP OF THE 1ST |
Pawtucket Red Sox batting - Pitching for Buffalo Bisons : LHP Jon Sosa
|
Pitching: LHP Jon Sosa
|
|
Batting: RHB Theo van Gent
|
0-0: Ball 1-0: Ball 2-0: Called Strike 2-1: Ground out 3-1 (Groundball, 34S, EV 85.0 MPH)
|
Batting: LHB Shoichi Aso
|
0-0: Ball 1-0: Called Strike 1-1: SINGLE (Flyball, 34D, EV 88.8 MPH)
|
Batting: RHB Ernie Genier
|
0-0: Ball 1-0: Ball 2-0: Foul Ball, location: 2F 2-1: Fly out, F9 (Line Drive, 9, EV 88.8 MPH)
|
Batting: RHB Nate Dickinson
|
0-0: Ball 1-0: Fly out, F8 (Line Drive, 8RD, EV 83.8 MPH)
|
Top of the 1st over - 0 runs, 1 hit, 0 errors, 1 left on base; Pawtucket 0 - Buffalo 0 |
BOTTOM OF THE 1ST |
Buffalo Bisons batting - Pitching for Pawtucket Red Sox : RHP Scott Staples
|
Pitching: RHP Scott Staples
|
|
Batting: RHB Pedro Nin
|
0-0: Called Strike 0-1: Ball 1-1: Ground out 6-3 (Groundball, 6, EV 90.0 MPH)
|
Batting: LHB Cody Schumacher
|
0-0: Ground out 6-3 (Groundball, 4M, EV 87.5 MPH)
|
Batting: RHB Danny Burnside
|
0-0: Called Strike 0-1: Ball 1-1: Foul Ball, location: 2F 1-2: Ball 2-2: SINGLE (Groundball, 6MD, EV 105.0 MPH)
|
Batting: RHB Alex Ramos
|
0-0: Ball Danny Burnside is caught stealing 2nd base 2-4
|
Bottom of the 1st over - 0 runs, 1 hit, 0 errors, 0 left on base; Pawtucket 0 - Buffalo 0 |
TOP OF THE 2ND |
Pawtucket Red Sox batting - Pitching for Buffalo Bisons : LHP Jon Sosa
|
Batting: RHB Roberto Lemus
|
0-0: Ball 1-0: Ground out 6-3 (Groundball, 6, EV 105.6 MPH)
|
Batting: RHB Brandon Perris
|
0-0: Ball 1-0: Foul Ball, location: 2F 1-1: Foul Ball, location: 2F 1-2: Ball 2-2: Ball 3-2: Base on Balls
|
Batting: RHB Xavier Joslin
|
0-0: Called Strike 0-1: Called Strike 0-2: Strikes out swinging
|
Batting: LHB John Bailey
|
0-0: Foul Ball, location: 2F 0-1: Ball 1-1: Foul Ball, location: 2F 1-2: Strikes out swinging
|
Top of the 2nd over - 0 runs, 0 hits, 0 errors, 1 left on base; Pawtucket 0 - Buffalo 0 |
BOTTOM OF THE 2ND |
Buffalo Bisons batting - Pitching for Pawtucket Red Sox : RHP Scott Staples
|
Batting: RHB Alex Ramos
|
0-0: Swinging Strike 0-1: Swinging Strike 0-2: Strikes out swinging
|
Batting: RHB Kai Stoyle
|
0-0: Called Strike 0-1: Called Strike 0-2: Fly out, F7 (Flyball, 7LM, EV 80.6 MPH)
|
Batting: LHB Tso-lin Fen
|
0-0: Ball 1-0: Fly out, F8 (Flyball, 8RM, EV 91.9 MPH)
|
Bottom of the 2nd over - 0 runs, 0 hits, 0 errors, 0 left on base; Pawtucket 0 - Buffalo 0 |
TOP OF THE 3RD |
Pawtucket Red Sox batting - Pitching for Buffalo Bisons : LHP Jon Sosa
|
Batting: LHB Noel Wilson
|
0-0: Ball 1-0: Ball 2-0: Called Strike 2-1: Ball 3-1: Fly out, F3 (Line Drive, 3, EV 66.9 MPH)
|
Batting: RHB Theo van Gent
|
0-0: Called Strike 0-1: Ball 1-1: Foul Ball, location: 2F 1-2: Ball 2-2: Ball 3-2: Base on Balls
|
Batting: LHB Shoichi Aso
|
0-0: Called Strike 0-1: Ball 1-1: Ball 2-1: Ball 3-1: Grounds into double play, 4-6-3 (Groundball, 4, EV 105.6 MPH)
|
Top of the 3rd over - 0 runs, 0 hits, 0 errors, 0 left on base; Pawtucket 0 - Buffalo 0 |
BOTTOM OF THE 3RD |
Buffalo Bisons batting - Pitching for Pawtucket Red Sox : RHP Scott Staples
|
Batting: LHB Timo Gomez
|
0-0: Ball 1-0: Ball 2-0: Called Strike 2-1: SOLO HOME RUN (Line Drive, 89XD, EV 104.4 MPH), Distance : 411 ft
|
Batting: RHB John Creel
|
0-0: Called Strike 0-1: Foul Ball, location: 2F 0-2: Ball 1-2: Ball 2-2: Ground out 4-3 (Groundball, 4S, EV 93.1 MPH)
|
Batting: RHB Danny Heyer
|
0-0: Called Strike 0-1: Called Strike 0-2: Ball 1-2: Fly out, F8 (Flyball, 8RD, EV 96.9 MPH)
|
Batting: RHB Pedro Nin
|
0-0: Called Strike 0-1: Foul Ball, location: 2F 0-2: Ball 1-2: Foul Ball, location: 2F 1-2: Ball 2-2: Foul Ball, location: 2F 2-2: Ball 3-2: SOLO HOME RUN (Flyball, 78XD, EV 105.0 MPH), Distance : 409 ft
|
Batting: LHB Cody Schumacher
|
0-0: Ball 1-0: Ball 2-0: Called Strike 2-1: Ball 3-1: Ground out 1-3 (Groundball, 13S, EV 72.5 MPH)
|
Bottom of the 3rd over - 2 runs, 2 hits, 0 errors, 0 left on base; Pawtucket 0 - Buffalo 2 |
TOP OF THE 4TH |
Pawtucket Red Sox batting - Pitching for Buffalo Bisons : LHP Jon Sosa
|
Batting: RHB Ernie Genier
|
0-0: Ball 1-0: Called Strike 1-1: Swinging Strike 1-2: Strikes out swinging
|
Batting: RHB Nate Dickinson
|
0-0: Ground out 6-3 (Groundball, 6, EV 102.5 MPH)
|
Batting: RHB Roberto Lemus
|
0-0: Ball 1-0: Ground out 5-3 (Groundball, 5L, EV 84.4 MPH)
|
Top of the 4th over - 0 runs, 0 hits, 0 errors, 0 left on base; Pawtucket 0 - Buffalo 2 |
BOTTOM OF THE 4TH |
Buffalo Bisons batting - Pitching for Pawtucket Red Sox : RHP Scott Staples
|
Batting: RHB Danny Burnside
|
0-0: Ball 1-0: Called Strike 1-1: Foul Ball, location: 2F 1-2: Ball 2-2: Single, Error in OF, E8, batter to second base (Groundball, 6MD, EV 100.6 MPH)
|
Batting: RHB Alex Ramos
|
0-0: Ball 1-0: Ball 2-0: SINGLE (Line Drive, 56D, EV 103.1 MPH) Danny Burnside to third
|
Batting: RHB Kai Stoyle
|
0-0: Called Strike 0-1: Ball 1-1: Ball 2-1: Called Strike 2-2: Ball 3-2: Ground out 6-3 (Groundball, 6, EV 87.5 MPH) Danny Burnside scores Alex Ramos to second
|
Batting: LHB Tso-lin Fen
|
0-0: Ball Alex Ramos steals 3rd base 1-0: Ball 2-0: Foul Ball, location: 2F 2-1: Ground out 5-3 (Groundball, 15, EV 80.6 MPH)
|
Batting: LHB Timo Gomez
|
0-0: Foul Ball, location: 2F 0-1: Ball 1-1: Ball 2-1: Ball 3-1: Base on Balls
|
Batting: RHB John Creel
|
0-0: Ball 1-0: Called Strike 1-1: Ball 2-1: Fly out, F4 (Popup, 4D, EV 43.8 MPH)
|
Bottom of the 4th over - 1 run, 2 hits, 1 error, 2 left on base; Pawtucket 0 - Buffalo 3 |
TOP OF THE 5TH |
Pawtucket Red Sox batting - Pitching for Buffalo Bisons : LHP Jon Sosa
|
Batting: RHB Brandon Perris
|
0-0: Called Strike 0-1: Ball 1-1: Ball 2-1: Called Strike 2-2: Ground out 6-3 (Groundball, 6, EV 82.5 MPH)
|
Batting: RHB Xavier Joslin
|
0-0: Fly out, F8 (Flyball, 8RD, EV 101.2 MPH)
|
Batting: LHB John Bailey
|
0-0: Ball 1-0: Ball 2-0: Ball 3-0: Called Strike 3-1: Fly out, F9 (Flyball, 9LS, EV 88.8 MPH)
|
Top of the 5th over - 0 runs, 0 hits, 0 errors, 0 left on base; Pawtucket 0 - Buffalo 3 |
BOTTOM OF THE 5TH |
Buffalo Bisons batting - Pitching for Pawtucket Red Sox : RHP Scott Staples
|
Batting: RHB Danny Heyer
|
0-0: Called Strike 0-1: Ball 1-1: Called Strike 1-2: SINGLE (Groundball, 6MD, EV 94.4 MPH)
|
Batting: RHB Pedro Nin
|
0-0: Ball 1-0: Foul Ball, location: 2F 1-1: Ball 2-1: Grounds out, U3 (Groundball, 3L, EV 87.5 MPH)
|
Batting: LHB Cody Schumacher
|
0-0: Called Strike 0-1: Ball 1-1: SINGLE (Groundball, 56, EV 101.9 MPH) Danny Heyer to third
|
Batting: RHB Danny Burnside
|
0-0: Ball Cody Schumacher is caught stealing 2nd base 2-4 1-0: Ground out 5-3 (Groundball, 5, EV 104.4 MPH)
|
Bottom of the 5th over - 0 runs, 2 hits, 0 errors, 1 left on base; Pawtucket 0 - Buffalo 3 |
TOP OF THE 6TH |
Pawtucket Red Sox batting - Pitching for Buffalo Bisons : LHP Jon Sosa
|
Batting: LHB Noel Wilson
|
0-0: Swinging Strike 0-1: Ground out 4-3 (Groundball, 4, EV 83.8 MPH)
|
Batting: RHB Theo van Gent
|
0-0: Ball 1-0: Called Strike 1-1: Ball 2-1: Foul Ball, location: 2F 2-2: Fly out, F8 (Flyball, 78M, EV 93.1 MPH)
|
Batting: LHB Shoichi Aso
|
0-0: Swinging Strike 0-1: Fly out, F9 (Flyball, 9, EV 76.9 MPH)
|
Top of the 6th over - 0 runs, 0 hits, 0 errors, 0 left on base; Pawtucket 0 - Buffalo 3 |
BOTTOM OF THE 6TH |
Buffalo Bisons batting - Pitching for Pawtucket Red Sox : RHP Scott Staples
|
Batting: RHB Alex Ramos
|
0-0: Swinging Strike 0-1: Foul Ball, location: 2F 0-2: Strikes out swinging
|
Batting: RHB Kai Stoyle
|
0-0: Ball 1-0: Ball 2-0: Called Strike 2-1: Foul Ball, location: 2F 2-2: Ground out 4-3 (Groundball, 4S, EV 90.6 MPH)
|
Batting: LHB Tso-lin Fen
|
0-0: Ball 1-0: Called Strike 1-1: Ball 2-1: Ball 3-1: Foul Ball, location: 2F 3-2: Base on Balls
|
Pitching: RHP Josh Weiser
|
|
Batting: LHB Timo Gomez
|
0-0: Ball Tso-lin Fen steals 2nd base (no throw) 1-0: Foul Ball, location: 2F 1-1: Ground out 3-1 (Groundball, 34S, EV 82.5 MPH)
|
Bottom of the 6th over - 0 runs, 0 hits, 0 errors, 1 left on base; Pawtucket 0 - Buffalo 3 |
TOP OF THE 7TH |
Pawtucket Red Sox batting - Pitching for Buffalo Bisons : LHP Jon Sosa
|
Now in LF: Timo Gomez
|
|
Now in RF: Sadamu Noguchi
|
|
Batting: RHB Ernie Genier
|
0-0: Swinging Strike 0-1: Ball 1-1: Called Strike 1-2: Ball 2-2: Ball 3-2: Foul Ball, location: 2F 3-2: Strikes out swinging
|
Batting: RHB Nate Dickinson
|
0-0: Fly out, F8 (Flyball, 8RS, EV 85.6 MPH)
|
Batting: RHB Roberto Lemus
|
0-0: Ball 1-0: Ground out 6-3 (Groundball, 6, EV 96.2 MPH)
|
Top of the 7th over - 0 runs, 0 hits, 0 errors, 0 left on base; Pawtucket 0 - Buffalo 3 |
BOTTOM OF THE 7TH |
Buffalo Bisons batting - Pitching for Pawtucket Red Sox : RHP Josh Weiser
|
Batting: RHB John Creel
|
0-0: Swinging Strike 0-1: Ball 1-1: Bunt missed! 1-2: Foul Ball, location: 2F 1-2: SINGLE (Line Drive, 7S, EV 92.5 MPH)
|
Batting: RHB Danny Heyer
|
0-0: Bunt missed! 0-1: Called Strike 0-2: Ball 1-2: Ball 2-2: Grounds into double play, 6-4-3 (Groundball, 6, EV 83.8 MPH)
|
Batting: RHB Pedro Nin
|
0-0: Ball 1-0: Called Strike 1-1: Ground out 6-3 (Groundball, 6, EV 84.4 MPH)
|
Bottom of the 7th over - 0 runs, 1 hit, 0 errors, 0 left on base; Pawtucket 0 - Buffalo 3 |
TOP OF THE 8TH |
Pawtucket Red Sox batting - Pitching for Buffalo Bisons : LHP Jon Sosa
|
Batting: RHB Brandon Perris
|
0-0: Called Strike 0-1: Ball 1-1: Ball 2-1: Foul Ball, location: 2F 2-2: Fly out, F6 (Popup, 56D, EV 64.4 MPH)
|
Batting: RHB Xavier Joslin
|
0-0: Ball 1-0: Fly out, F8 (Line Drive, 8RD, EV 90.6 MPH)
|
Batting: LHB John Bailey
|
0-0: Ball 1-0: Called Strike 1-1: Foul Ball, location: 2F 1-2: Ball 2-2: Ground out 4-3 (Groundball, 34D, EV 102.5 MPH)
|
Top of the 8th over - 0 runs, 0 hits, 0 errors, 0 left on base; Pawtucket 0 - Buffalo 3 |
BOTTOM OF THE 8TH |
Buffalo Bisons batting - Pitching for Pawtucket Red Sox : RHP Josh Weiser
|
Batting: LHB Cody Schumacher
|
0-0: Ball 1-0: Swinging Strike 1-1: Ball 2-1: Foul Ball, location: 2F 2-2: Ball 3-2: Foul Ball, location: 2F 3-2: Foul Ball, location: 2F 3-2: Base on Balls
|
Batting: RHB Danny Burnside
|
0-0: Called Strike Cody Schumacher steals 2nd base 0-1: Ball 1-1: Swinging Strike 1-2: Ball 2-2: Ball 3-2: Base on Balls
|
Batting: RHB Alex Ramos
|
0-0: Called Strike 0-1: Ball 1-1: Ball Cody Schumacher steals 3rd base (no throw) Danny Burnside to second 2-1: Ground out 6-3 (Groundball, 6, EV 78.8 MPH) Cody Schumacher scores Danny Burnside to third
|
Batting: RHB Kai Stoyle
|
0-0: Called Strike 0-1: Swinging Strike 0-2: Ball 1-2: Ball 2-2: Strikes out swinging
|
Batting: LHB Sadamu Noguchi
|
0-0: Ball 1-0: Ground out 6-3 (Groundball, 6M, EV 85.0 MPH)
|
Bottom of the 8th over - 1 run, 0 hits, 0 errors, 1 left on base; Pawtucket 0 - Buffalo 4 |
TOP OF THE 9TH |
Pawtucket Red Sox batting - Pitching for Buffalo Bisons : LHP Jon Sosa
|
Batting: LHB Noel Wilson
|
0-0: Ground out U3 (Groundball, 3L, EV 98.8 MPH)
|
Batting: RHB Theo van Gent
|
0-0: Called Strike 0-1: Ball 1-1: Ball 2-1: Foul Ball, location: 2F 2-2: Ball 3-2: Base on Balls
|
Batting: LHB Shoichi Aso
|
0-0: Fly out, F8 (Flyball, 8LS, EV 73.1 MPH)
|
Batting: RHB Ernie Genier
|
0-0: Ball 1-0: Ball 2-0: Called Strike 2-1: Ball 3-1: Fielders Choice at 2nd, 6-4 (Groundball, 6, EV 79.4 MPH)
|
Top of the 9th over - 0 runs, 0 hits, 0 errors, 1 left on base; Pawtucket 0 - Buffalo 4 |
|